 Dungeon Crawl Stone Soup version 0.21-a0-260-g9b2435e (webtiles) character file.

35 spacecwb the Skirmisher (level 3, 0/28 HPs)
             Began as a Formicid Warper on Sept 7, 2017.
             Succumbed to an adder's poison
             ... on level 4 of the Dungeon.
             The game lasted 00:05:58 (1155 turns).

spacecwb the Skirmisher (Formicid Warper)           Turns: 1155, Time: 00:05:59

Health: 0/28       AC:  3    Str: 16    XL:     3   Next: 55%
Magic:  6/6        EV: 12    Int: 12    God:
Gold:   89         SH:  0    Dex: 10    Spells: 2/7 levels left

rFire    . . .     SeeInvis +   a - +0 mace
rCold    . . .     Gourm    .   (no shield)
rNeg     . . .     Faith    .   b - +0 leather armour
rPois    .         Spirit   .   (helmet unavailable)
rElec    .         Reflect  .   (no cloak)
rCorr    .         Harm     .   (no gloves)
MR       .....                  (no boots)
Stlth    +.........             (no amulet)
HPRegen  0.09/turn              (no ring)
MPRegen  0.10/turn              (no ring)

@: lethally poisoned (0 -> -7)
A: permanent stasis, dig shafts and tunnels, four strong arms, antennae 3
a: Dig, Shaft Self


You were on level 4 of the Dungeon.
You were not hungry.

You visited 1 branch of the dungeon, and saw 3 of its levels.

You collected 89 gold pieces.

Inventory:

Hand Weapons
 a - a +0 mace (weapon)
 o - a +1 short sword of flaming
Missiles
 e - 5 tomahawks of dispersal (quivered)
 n - 55 arrows
Armour
 b - a +0 leather armour (worn)
 k - a +0 ring mail
 m - a +0 chain mail
 p - a +0 ring mail
 r - a +0 cloak
Scrolls
 d - a scroll of blinking
 f - a scroll of fog {unknown}
 i - 4 scrolls of identify {unknown}
 q - a scroll of magic mapping {unknown}
Potions
 g - a potion of lignification {unknown}
 h - 2 potions of magic {unknown}
 j - a potion of degeneration {unknown}
Books
 c - a book of Spatial Translocations

   Spells                             Type                      Level
   a - Blink                          Translocation                2
   b - Shroud of Golubria             Charms/Translocation         2
   c - Lesser Beckoning               Translocation                3
   d - Gell's Gravitas                Translocation                3
   e - Teleport Other                 Translocation                3
   f - Passage of Golubria            Translocation                4
Comestibles
 l - a meat ration


   Skills:
 + Level 2.7 Fighting
 + Level 2.4 Maces & Flails
 + Level 1.0 Throwing
 + Level 1.2 Armour
 + Level 2.2 Dodging
 + Level 2.5 Spellcasting
 + Level 2.6 Translocations


You had 2 spell levels left.
You knew the following spells:

 Your Spells              Type           Power        Failure   Level  Hunger
a - Shroud of Golubria    Chrm/Tloc      #.........   28%         2    ###....
b - Teleport Other        Tloc           #.......     30%         3    ###....


Dungeon Overview and Level Annotations

Branches:
Dungeon (2/15)

Altars:
Kikubaaqudgha


Innate Abilities, Weirdness & Mutations

You cannot be hasted, slowed, berserked, paralysed or teleported.
You can dig through walls and to a lower floor.
Your four strong arms can wield two-handed weapons with a shield.
You have a pair of large antennae on your head. (SInv)


Message History

The adder poisons you!
You hit the adder.
You kill the adder!
* * * LOW HITPOINT WARNING * * *
You feel sick. The bat hits you but does no damage.
Are you sure you want to shaft yourself?
You feel quite a bit more hungry.
* * * LOW HITPOINT WARNING * * *
You feel sick.
You begin to dig a shaft.
You continue digging a shaft.
The dart slug barely misses you. A shaft appears beneath you!
You fall through a shaft for 2 floors!
The shaft crumbles and collapses.
* * * LOW HITPOINT WARNING * * *
You feel sick.
The human shouts!
Found an ancient bone altar of Kikubaaqudgha.
Unknown command.
You die...

#######.....
#...........
#...........
#...........
#...........
#...........
#........#
#.@....#
+......#
#......#
#......#
#......#
#...#..#
#._.####
#...# #####


There were no monsters in sight!

Vanquished Creatures
  An adder (D:2)
  A dart slug (D:1)
  A ball python (D:1)
  2 bats
  3 goblins (D:1)
  3 hobgoblins (D:1)
  3 jackals (D:1)
  A frilled lizard (D:1)
  4 kobolds (D:1)
  4 rats (D:1)
  A fungus (D:1)
24 creatures vanquished.

Notes
Turn   | Place    | Note
-------+----------+-------------------------------------------
     0 | D:1      | spacecwb the Formicid Warper began the quest for the Orb.
     0 | D:1      | Reached XP level 1. HP: 16/16 MP: 3/3
   140 | D:1      | Reached XP level 2. HP: 22/22 MP: 5/5
   319 | D:1      | Reached XP level 3. HP: 10/28 MP: 6/6
   901 | D:1      | Learned a level 2 spell: Shroud of Golubria
   914 | D:1      | Learned a level 3 spell: Teleport Other
  1153 | D:2      | You fall through a shaft for 2 floors!
  1153 | D:4      | Found an ancient bone altar of Kikubaaqudgha.
  1153 | D:4      | Noticed a human
  1153 | D:4      | HP: 1/28 [poisoned by an adder]
  1155 | D:4      | Succumbed to an adder's poison

Vault maps used:
D:1:      dpeg_arrival_water_fire
D:2:      yredelemnul_altar_generic, lexackson_kobold_supper
D:4:      tgw_kikubaaqudgha

Skill      XL: |  1 |
---------------+----+-----
Dodging        | 2 |  2.2
Fighting       | |  2.7
Maces & Flails | |  2.4
Throwing       | |  1.0
Armour         | |  1.2
Spellcasting   | |  2.5
Translocations | |  2.6

Action                   || total
-------------------------++-------
Melee: Mace              ||    95
 Cast: Shroud of Golubri ||     1
 Abil: Dig               ||     1
       Shaft Self        ||     1
  Eat: Bread ration      ||     1
Armor: Leather armour    ||    35
Dodge: Dodged            ||    91

Table legend:
 A = Spawn XP
 B = Non-spawn XP
 C = Spawn XP percentage of total XP
 D = Spawn monster count
 E = Non-spawn monster count
 F = Spawn count percentage of total count
 G = Total turns spent on level
                    A         B        C        D         E        F      G
               +---------+---------+-------+---------+---------+-------+---------
         Total |       0 |      51 |   0.0 |       0 |      23 |   0.0 |  1155
               +---------+---------+-------+---------+---------+-------+---------
           D:1 |       0 |      36 |   0.0 |       0 |      21 |   0.0 |  1069
           D:2 |       0 |      15 |   0.0 |       0 |       2 |   0.0 |    84
               +---------+---------+-------+---------+---------+-------+---------
